 Dungeon Crawl Stone Soup version 0.21-a0-91-ga5031da (webtiles) character file.

741 grindst0ne the Ruffian (level 7, 0/64 HPs)
             Began as a Ghoul Monk on June 29, 2017.
             Was a Priest of Qazlal.
             Slain by a gnoll
             ... wielding a +0 halberd
              (13 damage)
             ... on level 5 of the Dungeon.
             The game lasted 00:09:43 (4855 turns).

grindst0ne the Ruffian (Ghoul Monk)                 Turns: 4855, Time: 00:09:44

Health: 0/64       AC:  8    Str: 21    XL:     7   Next: 75%
Magic:  2/6        EV:  8    Int:  5    God:    Qazlal [***...]
Gold:   345        SH:  4    Dex: 12    Spells: 6/6 levels left

rFire    + . .     SeeInvis +     - Unarmed
rCold    + . .     Gourm    .   (no shield)
rNeg     + + +     Faith    .   a - -2 chain mail (curse)
rPois    ∞         Spirit   .   (no helmet)
rElec    .         Reflect  .   (no cloak)
rCorr    .         Harm     .   i - +1 pair of gloves
MR       .....                  (no boots)
Stlth    ..........             (no amulet)
HPRegen  0.00/turn              k - ring of see invisible
MPRegen  0.10/turn              t - ring of protection from fire

@: mighty, rotting
A: rotting body, claws 1, carnivore 3, cold resistance 1, negative energy
resistance 3, inhibited regeneration, torment resistance, unbreathing
a: Upheaval, Elemental Force, Renounce Religion


You were on level 5 of the Dungeon.
You worshipped Qazlal.
Qazlal was most pleased with you.
You were hungry.

You visited 1 branch of the dungeon, and saw 5 of its levels.

You collected 345 gold pieces.

Inventory:

Armour
 a - a cursed -2 chain mail (worn)
 i - a +1 pair of gloves (worn)
 o - a +0 ring mail
Jewellery
 k - a ring of see invisible (left hand)
 t - a ring of protection from fire (right hand)
Scrolls
 g - 2 scrolls of remove curse
 h - a scroll of fear
 j - a scroll of random uselessness {unknown}
 n - a scroll of teleportation
 q - 2 scrolls of magic mapping
 s - a scroll of enchant armour
 u - 2 scrolls of recharging {unknown}
Potions
 c - a potion of curing
 d - 2 potions of heal wounds
 e - a potion of agility
 f - a potion of might
 m - 2 potions of flight
 w - a potion of berserk rage {unknown}
 z - 2 potions of lignification {unknown}
Books
 p - a book of Changes

   Spells                             Type                      Level
   a - Beastly Appendage              Transmutation                1
   b - Sticks to Snakes               Transmutation                2
   c - Spider Form                    Transmutation/Poison         3
   d - Ice Form                       Ice/Transmutation            4
   e - Blade Hands                    Transmutation                5
 r - a book of Maledictions

   Spells                             Type                      Level
   a - Corona                         Hexes                        1
   b - Ensorcelled Hibernation        Hexes/Ice                    2
   c - Confuse                        Hexes                        3
   d - Tukima's Dance                 Hexes                        3
   e - Dazzling Spray                 Conjuration/Hexes            3
Comestibles
 b - 3 meat rations
 l - a royal jelly
 v - 4 chunks of flesh


   Skills:
 + Level 6.7 Fighting
 * Level 2.1 Armour
 - Level 2.6 Dodging
 - Level 2.1 Stealth
 + Level 7.1 Unarmed Combat


You had 6 spell levels left.
You didn't know any spells.

Dungeon Overview and Level Annotations

Branches:
Dungeon (5/15)
 Temple: D:4-7

Altars:
Makhleb
Qazlal
Trog
Yredelemnul
Zin

Shops:
D:4 %


Innate Abilities, Weirdness & Mutations

Your body is rotting away.
You thrive on raw meat.
You are immune to poison.
You have sharp fingernails.
You are carnivorous and can eat meat at any time.
Your flesh is cold resistant. (rC+)
You are immune to negative energy. (rN+++)
You do not regenerate when monsters are visible.
You are immune to unholy pain and torment.
You can survive without breathing.


Message History

The gnoll closely misses you. The orc barely misses you.
You barely miss the gnoll.
The gnoll is severely wounded.
The orc barely misses you. The gnoll hits you but does no damage.
The gnoll hits you from afar with a halberd.
* * * LOW HITPOINT WARNING * * *
Your chain mail prevents you from hitting the gnoll.
The gnoll is severely wounded.
The orc closely misses you. The orc hits you but does no damage.
The gnoll barely misses you.
Your chain mail prevents you from hitting the gnoll.
The gnoll is severely wounded.
The gnoll closely misses you. The orc hits you but does no damage.
You block the orc's attack.
You hit the gnoll.
You kill the gnoll!
Qazlal accepts your kill. The orc barely misses you.
The gnoll hits you from afar with a halberd!
You die...

### #.. ####$# #
#....# .# #....# ..
#..)@###.#.#
####..os#.....#.
...'.ogo.....oo.
####....#######.
#.....# . #.....#
#.....###.#
#..######)#
#..#....#.#########


You could see a scorpion, a gnoll and 3 orcs.

Vanquished Creatures
  An ice beast (D:5)
  An orc warrior (D:5)
  A scorpion (D:4)
  A hound (D:3)
  2 orc priests
  5 orc wizards
  3 worker ants (D:4)
  3 adders
  5 gnolls (D:5)
  2 oozes
  3 worms
  3 dart slugs
  2 leopard geckos
  20 orcs
  4 ball pythons
  5 giant cockroaches
  2 gnoll zombies (D:2)
  4 goblins
  7 hobgoblins
  8 kobolds
  4 quokkas
  8 bats
  4 frilled lizards
  6 rats
104 creatures vanquished.

Notes
Turn   | Place    | Note
-------+----------+-------------------------------------------
     0 | D:1      | grindst0ne the Ghoul Monk began the quest for the Orb.
     0 | D:1      | Reached XP level 1. HP: 19/19 MP: 0/0
    21 | D:1      | Reached XP level 2. HP: 21/26 MP: 1/1
   460 | D:1      | Reached skill level 4 in Unarmed Combat
   699 | D:1      | Reached XP level 3. HP: 33/33 MP: 2/2
  1137 | D:2      | Found a stormy altar of Qazlal.
  1180 | D:2      | Became a worshipper of Qazlal Stormbringer
  1180 | D:2      | Reached * piety under Qazlal
  1180 | D:2      | Reached ** piety under Qazlal
  1592 | D:2      | Reached XP level 4. HP: 40/40 MP: 3/3
  1815 | D:2      | Found a basalt altar of Yredelemnul.
  2151 | D:3      | Reached skill level 5 in Unarmed Combat
  2151 | D:3      | Reached XP level 5. HP: 46/47 MP: 4/4
  2609 | D:3      | HP: 1/47 [orc wizard/magic dart (5)]
  2892 | D:3      | Reached skill level 5 in Fighting
  2893 | D:3      | Reached XP level 6. HP: 56/56 MP: 5/5
  3567 | D:4      | Reached skill level 6 in Unarmed Combat
  3588 | D:4      | Found Fanocar's Food Shoppe.
  3623 | D:4      | Reached *** piety under Qazlal
  3969 | D:4      | Found a bloodstained altar of Trog.
  4032 | D:4      | Reached XP level 7. HP: 62/63 MP: 6/6
  4243 | D:5      | Entered Level 5 of the Dungeon
  4351 | D:5      | Found a burning altar of Makhleb.
  4352 | D:5      | Noticed an Executioner
  4358 | D:5      | Found a glowing silver altar of Zin.
  4358 | D:5      | Noticed an angel
  4381 | D:5      | Reached skill level 1 in Armour
  4381 | D:5      | Reached skill level 7 in Unarmed Combat
  4855 | D:5      | Slain by a gnoll

Vault maps used:
D:1:      onia_arrival_handbag
D:2:      lemuel_zombie_altar_yredelemnul, old_standard_altar, first_bread,
          serial_forest, infiniplex_forest_clump_double,
          infiniplex_forest_clump_long, infiniplex_forest_lined_ring,
          infiniplex_forest_straight_2, infiniplex_forest_clump_small
D:4:      old_standard_altar, serial_shops, shop_fountains
D:5:      grunt_temple_overflow_order_and_chaos_2,
          minmay_temple_entry_enclosed_plants

Skill      XL: |  1  2  3  4  5  6  7 |
---------------+----------------------+-----
Unarmed Combat | 4 5 6 7 |  7.1
Fighting       | 4 5 6 |  6.7
Armour         | 2 |  2.1
Dodging        | |  2.6
Stealth        | |  2.1

Action                   |  1- 3 |  4- 6 |  7- 9 || total
-------------------------+-------+-------+-------++-------
Melee: Unarmed           |    78 |   204 |    77 ||   359
       Punch             |     1 |     4 |     2 ||     7
Invok: Upheaval          |       |       |     1 ||     1
  Use: Scroll            |       |     5 |     6 ||    11
       Potion            |       |     3 |     4 ||     7
 Stab: Sleeping          |     2 |       |       ||     2
  Eat: Chunk             |     3 |     7 |     2 ||    12
Armor: Robe              |    14 |       |       ||    14
       Scale mail        |     3 |     9 |       ||    12
       Ring mail         |       |    77 |     8 ||    85
       Chain mail        |       |       |    32 ||    32
Dodge: Dodged            |    49 |   141 |    36 ||   226
Block: Other             |     2 |    23 |    19 ||    44
